cohdb
Replays
Latest Replays
All Replays
Popular Replays
Top Player Replays
Match Explorer
How It Works
Community
CoH3 Stats
Reddit
Sign in to upload your games and track your stats! →
Sign in with Steam
Match 39417112
Unlisted
Match 39417112
Overview
Messages
Build Orders
End
Construct Infanterie Kompanie
Selects Terror Battlegroup
Selects Machine Gun Camouflage
Grenadier Squad
Grenadier Squad
Grenadier Squad
Grenadier Squad
Infanterie Officer Quarters
Selects Heavy Gunnery
Construct Panzergrenadier Kompanie
Construct Luftwaffe Kompanie
221 Scout Car
DCッ
ClaudiaEnfield
♥ ~Lady Rytsu~ ♥
Monsieur Nathan
0
0
Comments
sign in to comment!
No comments posted yet!